 Dungeon Crawl Stone Soup version 0.23.0 (webtiles) character file.

Game seed: 10114717584124966614

696 Inarius the Skirmisher (level 7, -4/62 HPs)
             Began as a Minotaur Venom Mage on Feb 14, 2019.
             Was a Believer of Qazlal.
             Slain by an ice beast (14 damage)
             ... on level 5 of the Dungeon.
             The game lasted 00:09:12 (4942 turns).

Inarius the Skirmisher (Minotaur Venom Mage)        Turns: 4942, Time: 00:09:12

Health: -4/62      AC: 10    Str: 14    XL:     7   Next: 37%
Magic:  8/8        EV:  6    Int: 12    God:    Qazlal [**....]
Gold:   258        SH: 10    Dex: 11    Spells: 7/8 levels left

rFire    . . .     SeeInvis .   u - +0 hand axe
rCold    . . .     Gourm    .   t - +0 shield
rNeg     . . .     Faith    .   r - +0 scale mail
rPois    .         Spirit   .   (helmet restricted)
rElec    .         Reflect  .   a - scarf {repulsion}
rCorr    .         Harm     .   i - +2 pair of gloves
MR       .....                  (no boots)
Stlth    ..........             (no amulet)
HPRegen  0.20/turn              (no ring)
MPRegen  0.11/turn              (no ring)

@: heavily drained, repel missiles
A: retaliatory headbutt, horns 2
a: Upheaval, Renounce Religion


You were on level 5 of the Dungeon.
You worshipped Qazlal.
Qazlal was pleased with you.
You were not hungry.

You visited 1 branch of the dungeon, and saw 5 of its levels.

You collected 258 gold pieces.

Inventory:

Hand Weapons
 u - a +0 hand axe (weapon)
Armour
 a - a scarf of repulsion (worn)
 g - a +0 cloak
 i - a +2 pair of gloves (worn)
 r - a +0 scale mail (worn)
 t - a +0 shield (worn)
Scrolls
 b - 4 scrolls of enchant armour {unknown}
 e - 4 scrolls of remove curse {unknown}
 j - 3 scrolls of fear {unknown}
 l - a scroll of enchant weapon {unknown}
 m - a scroll of blinking {unknown}
 p - 3 scrolls of identify {unknown}
 q - a scroll of teleportation {unknown}
Potions
 d - a potion of haste {unknown}
 f - 2 potions of lignification
 n - 2 potions of cancellation {unknown}
 o - a potion of ambrosia {unknown}
Comestibles
 c - 9 rations
 k - 2 chunks of flesh


   Skills:
 * Level 5.7(4.1) Fighting
 * Level 4.1(2.6) Axes
   Level 0.7(0.0) Staves
 + Level 4.8(3.3) Armour
 - Level 2.1(0.7) Dodging
 - Level 1.5(0.1) Stealth
 + Level 3.0(1.5) Shields
 - Level 0.3(0.0) Unarmed Combat
 - Level 1.3(0.0) Spellcasting
 - Level 0.6(0.0) Conjurations
 - Level 2.1(0.7) Poison Magic


You had 7 spell levels left.
You knew the following spells:

 Your Spells              Type           Power        Failure   Level  Hunger
a - Sting                 Conj/Pois      #...         100%        1    ##.....

Your spell library contained the following spells:

 Spells                   Type           Power        Failure   Level  Hunger
 Poisonous Vapours        Pois/Air       #.....       100%        2    ###....
 Mephitic Cloud           Conj/Pois/Air  #.......     100%        3    ####...
 Olgreb's Toxic Radiance  Pois           #.......     100%        4    #####..
 Venom Bolt               Conj/Pois      #.........   100%        5    ######.


Dungeon Overview and Level Annotations

Branches:
Dungeon (5/15)
 Temple: D:4-7

Altars:
Makhleb
Qazlal

Annotations:
D:4 Natasha


Innate Abilities, Weirdness & Mutations

You reflexively headbutt those who attack you in melee.
You have a pair of horns on your head.


Message History

You hit the ice beast.
The ice beast hits you but does no damage.
Unknown command.
You closely miss the phantom.
The phantom is almost destroyed.
You closely miss the ice beast. The ice beast hits you.
The ice beast freezes you.
The phantom hits you but does no damage.
The ice beast hits you but does no damage.
Unknown command.
You hit the phantom but do no damage. Your headbutt misses the phantom.
The phantom is almost destroyed.
You hit the ice beast.
The phantom blinks!
The ice beast hits you. The ice beast freezes you!
* * * LOW HITPOINT WARNING * * *
Unknown command.
You feel better.
The phantom blinks!
The ice beast hits you.
* * * LOW HITPOINT WARNING * * *
The ice beast freezes you!
You die...

######
.....#################
...............W...oo#
.....##########Y####Yo
<....# #.@# ##.###
#§.§.# #.# ##.#.# #.#
#..... #.# ######. #.#
.# #.# . #.# ...


You could see a phantom and an ice beast.

Vanquished Creatures
  2 ogres (D:4)
  A scorpion (D:4)
  A howler monkey (D:4)
  A crimson imp (D:4)
  3 orc wizards
  An orc priest (D:4)
  A bullfrog skeleton (D:4)
  A worker ant (D:4)
  7 gnolls (D:4)
  5 adders
  4 worms
  4 dart slugs
  3 leopard geckos
  6 orcs
  9 bats
  4 giant cockroaches
  10 goblins
  12 hobgoblins
  16 jackals
  5 quokkas
  3 ball pythons
  2 frilled lizards (D:2)
  2 kobolds (D:1)
  6 rats
109 creatures vanquished.

Notes
Turn   | Place    | Note
-------+----------+-------------------------------------------
     0 | D:1      | Inarius the Minotaur Venom Mage began the quest for the
                  | Orb.
     0 | D:1      | Reached XP level 1. HP: 14/14 MP: 1/1
    49 | D:1      | Reached skill level 1 in Fighting
   329 | D:1      | Reached skill level 2 in Fighting
   329 | D:1      | Reached XP level 2. HP: 8/24 MP: 0/3
   937 | D:1      | Reached skill level 1 in Armour
   999 | D:1      | Reached XP level 3. HP: 27/30 MP: 0/4
  1215 | D:2      | Reached skill level 3 in Fighting
  1629 | D:2      | Found a stormy altar of Qazlal.
  1671 | D:2      | Became a worshipper of Qazlal Stormbringer
  1705 | D:2      | Reached XP level 4. HP: 37/38 MP: 0/5
  2006 | D:2      | Found a faded altar of an unknown god.
  2432 | D:3      | Reached * piety under Qazlal
  2562 | D:3      | Reached skill level 4 in Fighting
  2595 | D:3      | Reached XP level 5. HP: 46/46 MP: 6/6
  3229 | D:4      | Noticed an ogre
  3269 | D:4      | Killed an ogre
  3269 | D:4      | Reached skill level 1 in Axes
  3439 | D:4      | Reached skill level 1 in Shields
  3439 | D:4      | Reached XP level 6. HP: 53/55 MP: 7/7
  3454 | D:4      | Reached skill level 5 in Fighting
  4146 | D:4      | Reached XP level 7. HP: 49/61 MP: 8/8
  4247 | D:4      | Noticed Natasha
  4436 | D:4      | Found a burning altar of Makhleb.
  4876 | D:5      | Entered Level 5 of the Dungeon
  4890 | D:4      | Reached ** piety under Qazlal
  4942 | D:5      | Slain by an ice beast

Skill      XL: |  1  2  3  4  5  6  7 |
---------------+----------------------+-----
Fighting       | 2 3 4 5 |  5.7
Armour         | 1 2 3 4 |  4.8
Axes           | 1 3 4 |  4.1
Shields        | 1 2 3 |  3.0
Staves         | |  0.7
Dodging        | |  2.1
Stealth        | |  1.5
Unarmed Combat | |  0.3
Spellcasting   | |  1.3
Conjurations   | |  0.6
Poison Magic   | |  2.1

Action                   |  1- 3 |  4- 6 |  7- 9 || total
-------------------------+-------+-------+-------++-------
Melee: Unarmed           |    24 |       |       ||    24
       Headbutt          |    16 |    34 |     6 ||    56
       Dagger            |    86 |    55 |       ||   141
       Club              |     4 |       |       ||     4
       Quarterstaff      |       |    47 |       ||    47
       Whip              |       |     8 |       ||     8
       Hand axe          |       |   135 |    35 ||   170
 Cast: Sting             |    34 |    13 |       ||    47
  Use: Potion            |       |     3 |     1 ||     4
  Eat: Chunk             |     4 |     5 |     3 ||    12
       Ration            |       |     1 |       ||     1
Armor: Ring mail         |    50 |    93 |       ||   143
       Robe              |     1 |       |       ||     1
       Skin              |       |     5 |       ||     5
       Scale mail        |       |    11 |    19 ||    30
Dodge: Dodged            |    80 |   126 |     7 ||   213
       Deflected         |       |     1 |       ||     1
Block: Other             |       |     1 |       ||     1
       Shield            |       |    88 |    15 ||   103
